 Dungeon Crawl Stone Soup version 0.30.1-4-g462c640d31 (webtiles) character file.

Game seed: 7189375589886309353

5917 Wiggles the Cleaver (level 10, -2/90 HPs)
             Began as a Minotaur Berserker on Aug 18, 2023.
             Was an Elder of Trog.
             Slain by an 11-headed hydra (11 damage)
             ... on level 8 of the Dungeon.
             The game lasted 00:13:14 (8109 turns).

Wiggles the Cleaver (Minotaur Berserker)            Turns: 8109, Time: 00:13:15

Health: -2/90      AC: 17    Str: 25    XL:     10   Next: 53%
Magic:  9/9        EV:  8    Int:  4    God:    Trog [****..]
Gold:   383        SH:  0    Dex: 11    Spells: 9/9 levels left

rFire   . . .        D - +2 battleaxe
rCold   . . .        (shield currently unavailable)
rNeg    . . .        I - +1 plate armour
rPois   +            (helmet restricted)
rElec   .            w - +0 cloak
rCorr   .            y - +0 pair of gloves
SInv    .            (no boots)
Will    .....        m - amulet of the acrobat Stlth
                     b - ring of Shadows {Umbra +Inv Stlth+}
HPRegen 0.35/turn    p - ring of poison resistance
MPRegen 0.11/turn

%: acrobat
@: wreathed by umbra, studying Ranged Weapons
A: horns 2, retaliatory headbutt
a: Renounce Religion, Evoke Invisibility, Berserk, Trog's Hand, Brothers in Arms


You were on level 8 of the Dungeon.
You worshipped Trog.
Trog was greatly pleased with you.
You visited 1 branch of the dungeon, and saw 8 of its levels.
You also visited: Ossuary.

You collected 383 gold pieces.

Inventory:

Hand Weapons
 D - a +2 battleaxe (weapon)
Armour
 w - a +0 cloak (worn)
 y - a +0 pair of gloves (worn)
 I - a +1 plate armour (worn)
Jewellery
 b - the ring of Shadows (left hand) {Umbra +Inv Stlth+}
   (You found it on level 2 of the Dungeon)

   [ring of stealth]

   Umbra:     It surrounds you with an aura of shadow, increasing your stealth
   and reducing the accuracy of all others within it.
   +Inv:      It lets you turn invisible.
   Stlth:     It makes you more stealthy.
 m - an amulet of the acrobat (around neck)
 p - a ring of poison resistance (right hand)
 G - a ring of ice
 H - a ring of willpower
Wands
 a - a wand of paralysis (3)
 c - a wand of mindburst (16)
 i - a wand of roots (9)
 C - a wand of digging (2)
Scrolls
 e - 2 scrolls of vulnerability
 g - 2 scrolls of immolation
 h - a scroll of identify
 j - 3 scrolls of magic mapping
 n - a scroll of torment {unknown}
 r - 2 scrolls of teleportation
Potions
 d - 4 potions of invisibility
 f - 4 potions of curing
 k - a potion of cancellation {unknown}
 l - a potion of resistance {unknown}
 o - a potion of might {unknown}
 s - 3 potions of magic
 t - a potion of attraction {unknown}
 u - a potion of ambrosia {unknown}
 v - 2 potions of flight
 x - a potion of brilliance {unknown}
 z - 3 potions of haste
 A - 2 potions of berserk rage
 E - 3 potions of heal wounds
 F - 4 potions of lignification


   Skills:
 + Level 8.8 Fighting
 + Level 13.6 Axes
 + Level 8.1 Armour
 + Level 4.9 Dodging
 + Level 4.6 Stealth


You had 9 spell levels left.
You didn't know any spells.
Your spell library was empty.

Dungeon Overview and Level Annotations

Branches:
Dungeon (8/15)             Temple (0/1) D:7            Lair (0/5) D:8
Ossuary (visited)

Altars:
Hepliaklqana
Qazlal
Ru
Vehumet
The Shining One


Innate Abilities, Weirdness & Mutations

You have a pair of horns on your head.
You reflexively headbutt those who attack you in melee.


Message History

The seven-headed hydra barely misses you.
The seven-headed hydra bites you. x2
The seven-headed hydra bites you but does no damage. x2
The seven-headed hydra bites you!
You hack one of the seven-headed hydra's heads off!
The six-headed hydra grows two more!
You slash the eight-headed hydra! You headbutt the eight-headed hydra.
The eight-headed hydra is moderately wounded.
The eight-headed hydra closely misses you.
The eight-headed hydra misses you.
The eight-headed hydra completely misses you.
The eight-headed hydra bites you.
The eight-headed hydra bites you but does no damage. x4
You chop one of the eight-headed hydra's heads off!
The seven-headed hydra grows two more!
You slash the nine-headed hydra!
The nine-headed hydra is moderately wounded.
The nine-headed hydra bites you but does no damage. x2
The nine-headed hydra bites you! x2
The nine-headed hydra bites you but does no damage.
The nine-headed hydra bites you. The nine-headed hydra bites you!
* * * LOW HITPOINT WARNING * * *
The nine-headed hydra bites you.
* * * LOW HITPOINT WARNING * * *
The nine-headed hydra bites you but does no damage.
You slice one of the nine-headed hydra's heads off!
The eight-headed hydra grows two more!
You slice the ten-headed hydra!!
The ten-headed hydra is heavily wounded.
The ten-headed hydra closely misses you.
The ten-headed hydra bites you!
* * * LOW HITPOINT WARNING * * *
The ten-headed hydra bites you but does no damage.
The ten-headed hydra barely misses you. x2
The ten-headed hydra bites you but does no damage. x2
The ten-headed hydra barely misses you.
The ten-headed hydra bites you but does no damage. x2
You slice one of the ten-headed hydra's heads off!
The nine-headed hydra grows two more!
You slash the 11-headed hydra!
The 11-headed hydra is heavily wounded.
The 11-headed hydra closely misses you. The 11-headed hydra bites you!
You die...

#.### #.# ###.......#
....# #.#####.#.....#
#.#.#######
#.......#.....#
..#.......#
###############
..#.....#.#########
#.#.....#..[...#..###
#.#.....#......#.. :#
#.#.....#......#D####
#.#######......#@..#
#.## #......#...#
...# #......#.†.#
...#######'#######'##
.........#.....#....#
.........#.....#....#
.....#####....)#....#
.....# #....)'....#
.....# #.....######


You could see a 11-headed hydra.

Vanquished Creatures
  A two-headed ogre (D:7)
  Pikel (D:4)
  Joseph (D:7)
  A troll (D:8)
  A wyvern (D:8)
  Eustachio (D:6)
  A steam dragon (D:8)
  Menkaure (D:7)
  2 orc warriors
  A sky beast (D:6)
  An ice beast (D:5)
  2 black bears
  4 ogres
  3 centaurs
  2 lemures (D:4)
  A phantom (D:5)
  A kobold brigand (D:8)
  9 scorpions
  3 bullfrogs
  A gnoll sergeant (D:8)
  12 wights (D:8)
  2 howler monkeys (D:8)
  4 hounds
  3 gnoll boudas
  A jelly (D:3)
  An orc priest (D:6)
  2 human zombies (Ossuary)
  2 sleepcaps (D:5)
  6 iguanas
  4 orc wizards
  4 mummies (Ossuary)
  13 gnolls
  9 adders
  2 shadow imps
  A white imp (D:6)
  2 adder zombies (Ossuary)
  2 worms (D:2)
  5 dart slugs
  26 orcs
  8 endoplasms
  9 giant cockroaches
  2 gnoll zombies (Ossuary)
  8 goblins
  8 hobgoblins
  4 quokkas
  7 ball pythons
  9 bats
  4 frilled lizards
  2 goblin zombies (Ossuary)
  A jackal zombie (Ossuary)
  9 kobolds
  2 kobold zombies (Ossuary)
  An orc zombie (Ossuary)
  6 rats
219 creatures vanquished.

Notes
Turn   | Place    | Note
-------+----------+-------------------------------------------
     0 | D:1      | Wiggles the Minotaur Berserker began the quest for the Orb.
     0 | D:1      | Reached XP level 1. HP: 19/19 MP: 0/0
   121 | D:1      | Reached XP level 2. HP: 27/27 MP: 1/1
   162 | D:1      | Reached skill level 4 in Axes
   298 | D:1      | Reached XP level 3. HP: 33/33 MP: 2/2
   357 | D:1      | Reached ** piety under Trog
   846 | D:2      | Found the ring of Shadows {Umbra +Inv Stlth+}
  1207 | D:2      | Reached XP level 4. HP: 39/41 MP: 3/3
  2241 | D:3      | Reached skill level 5 in Axes
  2241 | D:3      | Reached skill level 1 in Stealth
  2391 | D:3      | Found a sacrificial altar of Ru.
  2407 | D:3      | Reached XP level 5. HP: 41/47 MP: 4/4
  2508 | D:3      | Found a stormy altar of Qazlal.
  3191 | D:4      | Reached XP level 6. HP: 54/55 MP: 5/5
  3206 | D:4      | Reached skill level 5 in Fighting
  3268 | D:4      | Reached *** piety under Trog
  3694 | D:4      | Noticed Pikel
  3721 | D:4      | Killed Pikel
  3722 | D:4      | Reached skill level 6 in Axes
  3722 | D:4      | Reached XP level 7. HP: 56/61 MP: 6/6
  3730 | D:4      | Reached skill level 5 in Armour
  4025 | D:4      | Reached skill level 7 in Axes
  4085 | D:5      | Entered Level 5 of the Dungeon
  4191 | D:5      | Reached XP level 8. HP: 70/70 MP: 7/7
  4349 | D:5      | Found a sand-covered staircase.
  4355 | Ossuary  | Entered an ossuary
  4367 | Ossuary  | Reached **** piety under Trog
  4535 | Ossuary  | Reached skill level 8 in Axes
  4820 | D:5      | Reached skill level 9 in Axes
  5419 | D:6      | Reached XP level 9. HP: 78/78 MP: 8/8
  5644 | D:6      | Found a glowing golden altar of the Shining One.
  5706 | D:6      | Reached skill level 10 in Axes
  5805 | D:6      | Noticed Eustachio
  5811 | D:6      | Killed Eustachio
  6269 | D:7      | Noticed Joseph
  6284 | D:7      | Killed Joseph
  6285 | D:7      | Reached skill level 11 in Axes
  6420 | D:7      | Noticed a two-headed ogre
  6426 | D:7      | Killed a two-headed ogre
  6476 | D:7      | Noticed Menkaure
  6483 | D:7      | Killed Menkaure
  6484 | D:7      | Reached XP level 10. HP: 88/88 MP: 9/9
  6516 | D:7      | Reached skill level 12 in Axes
  6524 | D:7      | Found a staircase to the Ecumenical Temple.
  7463 | D:8      | Reached skill level 13 in Axes
  7524 | D:8      | Found a hazy altar of Hepliaklqana.
  7908 | D:8      | Found a radiant altar of Vehumet.
  7982 | D:8      | Found a staircase to the Lair.
  8039 | D:8      | Noticed a six-headed hydra
  8109 | D:8      | Slain by an 11-headed hydra

Illustrated notes

Levels and vault maps discovered:
D:1:      heliophobic_arrival_dark_side_of_the_moon, layout_basic,
          minmay_misc_feat_square, minmay_hexomino_c4
D:2:      layout_loops_corners, dk_noncrumbling_4, fountainhead,
          mrwooster_statue_mirror
D:3:      layout_basic, lemuel_tele_altar, nicolae_ru_great_annihilating_truth,
          minmay_fractal_squares_gapless_5
D:4:      minmay_diamond_boxcup, layout_loops_ring, serial_forest,
          infiniplex_forest_lined_1, infiniplex_forest_clump_small,
          infiniplex_forest_clump_diagonal, infiniplex_forest_lined_2,
          infiniplex_forest_pool, infiniplex_forest_clump_long, uniq_pikel
D:5:      layout_loops_ring, nicolae_ossuary_entry_plus, minmay_misc_feat_room
D:6:      layout_basic, overflow_temple_1_default, minmay_manual_macuahuitl,
          uniq_eustachio
D:7:      layout_gridville, minmay_temple_entry_tees, uniq_joseph, uniq_menkaure
D:8:      minmay_clustersquares, layout_basic, mainiacjoe_overflow_swirl,
          grunt_lair_entry_orc_guard_hut

Skill      XL: |  1  2  3  4  5  6  7  8  9 10 |
---------------+-------------------------------+-----
Axes           | 4 5 6 7 9 11 13 | 13.6
Fighting       | 4 5 6 8 |  8.8
Dodging        | 3 4 |  4.9
Stealth        | 1 3 4 |  4.6
Armour         | 3 4 5 6 7 8 |  8.1

Action                     |  1- 3 |  4- 6 |  7- 9 | 10-12 || total
---------------------------+-------+-------+-------+-------++-------
  Melee: Hand axe          |    82 |   116 |    39 |       ||   237
         Headbutt          |     7 |    10 |    34 |    20 ||    71
         Punch             |     1 |     1 |       |       ||     2
         War axe           |       |       |    41 |       ||    41
         Battleaxe         |       |       |   115 |    85 ||   200
 Invoke: Berserk           |     1 |     1 |     6 |     1 ||     9
    Use: Scroll            |       |       |    19 |     1 ||    20
   Stab: Sleeping          |     3 |    12 |    10 |       ||    25
         Paralysed         |       |     1 |       |       ||     1
 Armour: Animal skin       |    11 |       |       |       ||    11
         Leather armour    |     4 |     6 |       |       ||    10
         Ring mail         |       |    15 |       |       ||    15
         Scale mail        |       |     8 |    55 |       ||    63
         Plate armour      |       |       |    15 |    75 ||    90
  Dodge: Dodged            |    68 |    69 |   152 |    70 ||   359
